 Dungeon Crawl Stone Soup version 0.27-a0-1081-ge8a0a9c698 (webtiles) character file.

Game seed: 1248278493814337336

64 spidyfan21 the Protected (level 4, 0/34 HPs)
             Began as a Gnoll Wanderer on Apr 26, 2021.
             Slain by a gnoll
             ... wielding a +0 flail
              (8 damage)
             ... on level 4 of the Dungeon.
             The game lasted 00:11:26 (1225 turns).

spidyfan21 the Protected (Gnoll Wanderer)           Turns: 1225, Time: 00:11:28

Health: 0/34       AC: 11    Str: 15    XL:     4   Next: 12%
Magic:  5/5        EV:  4    Int: 10    God:
Gold:   87         SH:  8    Dex: 10    Spells: 5/5 levels left

rFire    . . .     SeeInvis .   e - +1 mace
rCold    . . .     Faith    .   b - +0 kite shield
rNeg     . . .     Spirit   .   g - +0 chain mail
rPois    .         Reflect  .   (no helmet)
rElec    .         Harm     .   (no cloak)
rCorr    .         Rampage  .   (no gloves)
Will     .....                  (no boots)
Stlth    ..........             (no amulet)
HPRegen  0.11/turn              (no ring)
MPRegen  0.09/turn              (no ring)

@: no status effects
A: fangs 1, strong nose, distributed training
a: no special abilities


You were on level 4 of the Dungeon.
You visited 1 branch of the dungeon, and saw 3 of its levels.

You collected 87 gold pieces.

Inventory:

Hand Weapons
 a - a +0 hand crossbow
 e - a +1 mace (weapon)
Missiles
 c - 25 bolts
Armour
 b - a +0 kite shield (worn)
 d - a +0 ring mail
 g - a +0 chain mail (worn)
Scrolls
 h - a scroll of amnesia {unknown}
 i - a scroll of identify {unknown}


   Skills:
 + Level 2.7 Fighting
 + Level 1.0 Short Blades
 + Level 1.0 Long Blades
 + Level 1.0 Axes
 + Level 1.0 Maces & Flails
 + Level 1.0 Polearms
 + Level 1.0 Staves
 + Level 1.0 Slings
 + Level 1.0 Bows
 + Level 6.6 Crossbows
 + Level 1.0 Throwing
 + Level 8.5 Armour
 + Level 1.0 Dodging
 + Level 2.5 Stealth
 + Level 2.7 Shields
 + Level 1.0 Unarmed Combat
 + Level 1.0 Spellcasting
 + Level 0.8 Conjurations
 + Level 0.8 Hexes
 + Level 0.8 Summonings
 + Level 0.8 Necromancy
 + Level 0.8 Translocations
 + Level 0.8 Transmutations
 + Level 0.8 Fire Magic
 + Level 0.8 Ice Magic
 + Level 0.8 Air Magic
 + Level 0.8 Earth Magic
 + Level 0.8 Poison Magic
 + Level 1.1 Invocations
 + Level 1.0 Evocations


You had 5 spell levels left.
You didn't know any spells.
Your spell library contained the following spells:

 Spells                   Type           Power      Damage    Failure   Level
 Animate Skeleton         Necr           4%         N/A       100%        1
 Apportation              Tloc           4%         N/A       100%        1
 Corona                   Hex            2%         N/A       100%        1
 Summon Small Mammal      Summ           8%         N/A       100%        1


Dungeon Overview and Level Annotations

Branches:
Dungeon (2/15)

Altars:

Annotations:
D:2 Robin


Innate Abilities, Weirdness & Mutations

You have very sharp teeth.
Your uncanny sense of smell can sniff out nearby items.
Your experience applies equally to all skills.


Message History

The goblin hits you with a +0 dagger.
* * * LOW HITPOINT WARNING * * *
You block the adder's attack.
The quokka bites you but does no damage.
The adder bites you but does no damage.
The quokka twitches its whiskers. x2
The quokka barely misses you. The adder bites you but does no damage.
Found a sapphire potion.
You block the quokka's attack.
You feel better.
The quokka bites you but does no damage. x2
You completely miss the quokka.
The quokka bites you but does no damage. x2
You hit the quokka.
The quokka is heavily wounded.
The quokka bites you but does no damage.
The quokka barely misses you.
You hit the gnoll but do no damage. The gnoll hits you but does no damage.
The gnoll hits you with a +0 flail.
The quokka bites you but does no damage.
You see here a sapphire potion.
You closely miss the quokka. You bite the quokka, but do no damage.
The quokka is heavily wounded.
You block the quokka's attack. The quokka bites you.
The gnoll barely misses you. The goblin hits you but does no damage.
You closely miss the quokka.
The quokka is heavily wounded.
The adder bites you but does no damage.
The quokka bites you but does no damage.
You block the gnoll's attack. The adder barely misses you.
The goblin hits you but does no damage. The quokka bites you.
* * * LOW HITPOINT WARNING * * *
You block the gnoll's attack.
You hit the quokka.
The quokka is severely wounded.
The adder bites you but does no damage.
The quokka bites you but does no damage.
You block the goblin's attack. The adder bites you but does no damage.
The gnoll hits you with a +0 flail!
You die...

## .# .# #########.##
#..........#####
.#......@S.......
.#.............grg....##
....................#..#
.#..................# #
.........####....####
#..................#
#........#####....##
#.........g....#### ∆
##..........#####


You could see a gnoll, an adder, a quokka and a goblin.

Vanquished Creatures
  2 adders (D:2)
  A worm (D:2)
  A dart slug (D:1)
  A ball python (D:1)
  3 bats (D:2)
  3 endoplasms
  2 giant cockroaches
  9 goblins
  6 hobgoblins
  2 quokkas (D:1)
  3 kobolds
  2 rats (D:2)
35 creatures vanquished.

Notes
Turn   | Place    | Note
-------+----------+-------------------------------------------
     0 | D:1      | spidyfan21 the Gnoll Wanderer began the quest for the Orb.
     0 | D:1      | spidyfan21 set off with the following items: a +0 hand
                  | crossbow, a +0 kite shield, 25 bolts, a +0 ring mail
     0 | D:1      | Reached XP level 1. HP: 17/17 MP: 1/1
   141 | D:1      | Reached XP level 2. HP: 12/23 MP: 2/2
   574 | D:2      | Reached XP level 3. HP: 23/28 MP: 3/3
   630 | D:2      | Reached skill level 1 in Invocations
   802 | D:2      | Reached skill level 1 in Short Blades
   802 | D:2      | Reached skill level 1 in Long Blades
   802 | D:2      | Reached skill level 1 in Axes
   802 | D:2      | Reached skill level 1 in Maces & Flails
   802 | D:2      | Reached skill level 1 in Polearms
   802 | D:2      | Reached skill level 1 in Staves
   802 | D:2      | Reached skill level 1 in Slings
   802 | D:2      | Reached skill level 1 in Bows
   802 | D:2      | Reached skill level 1 in Throwing
   802 | D:2      | Reached skill level 1 in Dodging
   802 | D:2      | Reached skill level 1 in Unarmed Combat
   802 | D:2      | Reached skill level 1 in Spellcasting
   802 | D:2      | Reached skill level 1 in Evocations
  1164 | D:2      | Reached XP level 4. HP: 22/34 MP: 5/5
  1187 | D:2      | Noticed Robin
  1189 | D:2      | You fall into a shaft and drop 2 floors!
  1225 | D:4      | Slain by a gnoll

Illustrated notes

Levels and vault maps discovered:
D:1:      eino_arrival_water_star, layout_basic
D:2:      layout_basic, uniq_robin
D:4:      minmay_skewed_foursquare, layout_rooms, minmay_curled_crystal,
          minivault_4, st_stairs_12, minmay_shop_enchanted_jewellery,
          minmay_ogre_servants

Skill      XL: |  1  2  3 |
---------------+----------+-----
Invocations    | 1 |  1.1
Short Blades   | 1 |  1.0
Long Blades    | 1 |  1.0
Axes           | 1 |  1.0
Maces & Flails | 1 |  1.0
Polearms       | 1 |  1.0
Staves         | 1 |  1.0
Slings         | 1 |  1.0
Bows           | 1 |  1.0
Throwing       | 1 |  1.0
Dodging        | 1 |  1.0
Unarmed Combat | 1 |  1.0
Spellcasting   | 1 |  1.0
Evocations     | 1 |  1.0
Fighting       | |  2.7
Crossbows      | |  6.6
Armour         | |  8.5
Stealth        | |  2.5
Shields        | |  2.7
Conjurations   | |  0.8
Hexes          | |  0.8
Summonings     | |  0.8
Necromancy     | |  0.8
Translocations | |  0.8
Transmutations | |  0.8
Fire Magic     | |  0.8
Ice Magic      | |  0.8
Air Magic      | |  0.8
Earth Magic    | |  0.8
Poison Magic   | |  0.8

Action                   |  1- 3 |  4- 6 || total
-------------------------+-------+-------++-------
Melee: Mace              |   125 |    22 ||   147
       Bite              |     8 |     2 ||    10
  Use: Potion            |     2 |     1 ||     3
       Scroll            |     1 |       ||     1
 Stab: Sleeping          |     1 |       ||     1
Armor: Ring mail         |    47 |       ||    47
       Chain mail        |    15 |    38 ||    53
Dodge: Dodged            |    37 |     9 ||    46
Block: Kite shield       |    73 |    24 ||    97

Table legend: (Time is in decaauts)
 A = Elapsed time spent in this place.
 B = Non-inter-level travel time spent in this place.
 C = Inter-level travel time spent in this place.
 D = Time resting spent in this place.
 E = Time spent auto-exploring this place.
 F = Levels seen in this place.
 G = Mean time per level.
                   A        B        C        D        E       F      G
               +--------+--------+--------+--------+--------+-----+--------+
         Total |   1315 |   1315 |      0 |      0 |    198 |   3 |  438.3 |
       Dungeon |   1315 |   1315 |      0 |      0 |    198 |   3 |  438.3 |
               +--------+--------+--------+--------+--------+-----+--------+

Top non-repeatable levels by time:
     D:2: 679 daAuts
     D:1: 592 daAuts
     D:4: 43 daAuts
